 Dungeon Crawl Stone Soup version 0.23-a0-49-gd9f7a49 (webtiles) character file.

26 Amnesiac the Gusty (level 2, 0/19 HPs)
             Began as a Mummy Air Elementalist on Aug 7, 2018.
             Slain by an adder (4 damage)
             ... on level 2 of the Dungeon.
             The game lasted 00:01:20 (1212 turns).

Amnesiac the Gusty (Mummy Air Elementalist)         Turns: 1212, Time: 00:01:21

Health: 0/19       AC:  6    Str: 11    XL:     2   Next: 89%
Magic:  6/6        EV: 10    Int: 14    God:
Gold:   92         SH:  0    Dex: 12    Spells: 6/7 levels left

rFire    x . .     SeeInvis .   a - +0 mace
rCold    + . .     Gourm    .   (no shield)
rNeg     + + +     Faith    .   b - +1 ring mail
rPois    ∞         Spirit   .   (no helmet)
rElec    .         Reflect  .   (no cloak)
rCorr    .         Harm     .   (no gloves)
MR       .....                  (no boots)
Stlth    +.........             (no amulet)
HPRegen  0.06/turn              (no ring)
MPRegen  0.10/turn              (no ring)

@: no status effects
A: no food or potions, fire vulnerability, cold resistance 1, negative energy
resistance 3, torment resistance, unbreathing
a: no special abilities


You were on level 2 of the Dungeon.
You were not hungry.

You visited 1 branch of the dungeon, and saw 2 of its levels.

You collected 92 gold pieces.

Inventory:

Hand Weapons
 a - a +0 mace (weapon)
Armour
 b - a +1 ring mail (worn)
Scrolls
 c - a scroll of teleportation {!r, unknown}
 d - 2 scrolls of enchant armour {!r}
 e - a scroll of identify {!r, unknown}


   Skills:
 - Level 1.5 Dodging
 - Level 1.5 Stealth
 + Level 3.1 Spellcasting
 - Level 0.7 Conjurations
 * Level 3.2 Air Magic


You had 6 spell levels left.
You knew the following spells:

 Your Spells              Type           Power        Failure   Level  Hunger
w - Shock                 Conj/Air       #...         22%         1    N/A

Your spell library contained the following spells:

 Spells                   Type           Power        Failure   Level  Hunger
 Lightning Bolt           Conj/Air       #.........   99%         5    N/A
 Swiftness                Chrm/Air       #.......     38%         2    N/A
 Airstrike                Air            ##........   80%         4    N/A
 Static Discharge         Conj/Air       #.......     56%         3    N/A

Dungeon Overview and Level Annotations

Branches:
Dungeon (2/15)

Altars:
Yredelemnul


Innate Abilities, Weirdness & Mutations

You do not eat or drink.
Your flesh is vulnerable to fire.
You are immune to poison.
Your flesh is cold resistant. (rC+)
You are immune to negative energy. (rN+++)
You are immune to unholy pain and torment.
You can survive without breathing.


Message History

You kill the kobold!
No target in view!
You see here a short sword.
No target in view!
Found a stone staircase leading down.
You see here a rapier.
There is a stone staircase leading down here.
You open the door.
There is an open door here.
Found a dagger.
Found a short sword.
You now have 92 gold pieces (gained 8).
You open the door.
You see here a short sword.
Found a stone staircase leading up.
There is a stone staircase leading up here.
You open the door.
Found 18 bolts.
There is an open door here.
Found an orange potion.
Found 14 stones.
Found a stone staircase leading down.
c - a scroll labeled VANELYM KOETTA {!r}
Found a pink potion.
Found a basalt altar of Yredelemnul.
An adder comes into view.
The adder hisses angrily.
An adder is nearby!
An adder is nearby!
Found a dagger and a ration.
Found 16 stones.
You closely miss the adder. The adder bites you. x2
You closely miss the adder. The adder barely misses you.
You hit the adder.
The adder is heavily wounded.
The adder bites you. The adder bites you but does no damage.
You completely miss the adder.
The adder is heavily wounded.
The adder bites you but does no damage. The adder misses you.
You hit the adder.
The adder is severely wounded.
The adder bites you. x2
* * * LOW HITPOINT WARNING * * *
You hit the adder but do no damage.
The adder is severely wounded.
The adder barely misses you. The adder bites you.
* * * LOW HITPOINT WARNING * * *
You are too injured to fight recklessly!
You miss the adder.
The adder is heavily wounded.
The adder barely misses you. The adder misses you.
Unknown command.
You aren't carrying any items that you can evoke.
Unknown command.
You barely miss the adder.
The adder is heavily wounded.
The adder misses you.
You closely miss the adder.
The adder is heavily wounded.
The adder closely misses you. The adder barely misses you.
Wield which item (- for none, * to show all)? (? for menu, Esc to quit)
Okay, then.
You barely miss the adder.
The adder is heavily wounded.
The adder bites you.
You die...

# # ### ##+# ### .%.
...###### ... ..
#.......# #####
#.##.......# #
#<####+#.##..#.......#
###........#
#.#.....).#
..'[.......#
#.S..!..(.#
###........# #.@.# #
#........# #...# #
#........#####..# #
##.####......#..# #.#
#..P.P.#..# ####+##
#..._.....# #.....#
##.P.P.#..######
#.....#
#.....#.>...(..
#.....#
#######..#....#


You could see an adder.

Vanquished Creatures
  An adder (D:2)
  A dart slug (D:1)
  A leopard gecko (D:1)
  A giant cockroach (D:1)
  3 goblins (D:1)
  A kobold (D:2)
  3 bats (D:1)
  A frilled lizard (D:1)
  3 rats (D:1)
15 creatures vanquished.

Notes
Turn   | Place    | Note
-------+----------+-------------------------------------------
     0 | D:1      | Amnesiac the Mummy Air Elementalist began the quest for the Orb.
     0 | D:1      | Reached XP level 1. HP: 13/13 MP: 4/4
   283 | D:1      | Reached XP level 2. HP: 12/19 MP: 5/5
  1196 | D:2      | Found a basalt altar of Yredelemnul.
  1212 | D:2      | Slain by an adder

Vault maps used:
D:1:      tarquinn_simple_flora_water_b
D:2:      yredelemnul_altar_generic, first_ration

Skill      XL: |  1  2 |
---------------+-------+-----
Air Magic      | 3 |  3.2
Spellcasting   | 3 |  3.1
Dodging        | |  1.5
Stealth        | |  1.5
Conjurations   | |  0.7

Action                   || total
-------------------------++-------
Melee: Dagger            ||    80
       Unarmed           ||     8
       Mace              ||    22
  Use: Scroll            ||     1
Armor: Ring mail         ||    66
Dodge: Dodged            ||    93

Table legend:
 A = Spawn XP
 B = Non-spawn XP
 C = Spawn XP percentage of total XP
 D = Spawn monster count
 E = Non-spawn monster count
 F = Spawn count percentage of total count
 G = Total turns spent on level
                    A         B        C        D         E        F      G
               +---------+---------+-------+---------+---------+-------+---------
         Total |       0 |      38 |   0.0 |       0 |      15 |   0.0 |  1212
               +---------+---------+-------+---------+---------+-------+---------
           D:1 |       0 |      22 |   0.0 |       0 |      13 |   0.0 |   949
           D:2 |       0 |      16 |   0.0 |       0 |       2 |   0.0 |   263
               +---------+---------+-------+---------+---------+-------+---------
